 Dungeon Crawl Stone Soup version 0.26-b1-57-gb162d0664a (webtiles) character file.

Game seed: 2843288003119353743

276 Destapler the Grave Robber (level 6, -11/49 HPs)
             Began as a Deep Dwarf Necromancer on Jan 8, 2021.
             Shot with an arrow by a centaur (13 damage)
             ... on level 4 of the Dungeon.
             The game lasted 00:14:58 (2751 turns).

Destapler the Grave Robber (Deep Dwarf Necromancer) Turns: 2751, Time: 00:14:59

Health: -11/49     AC:  7    Str: 12    XL:     6   Next: 4%
Magic:  17/19 (10) EV: 12    Int: 17    God:
Gold:   160        SH:  5    Dex: 13    Spells: 7/11 levels left

rFire    . . .     SeeInvis .   a - +4 hand axe (vamp)
rCold    . . .     Faith    .   l - +0 buckler
rNeg     . . .     Spirit   .   m - +3 leather armour {Will+}
rPois    .         Reflect  .   d - +0 helmet
rElec    .         Harm     .   (no cloak)
rCorr    .         Rampage  .   (no gloves)
Will     +....                  (no boots)
Stlth    ++........             (no amulet)
HPRegen  0.00/turn              n - ring of magical power
MPRegen  0.16/turn              (no ring)

@: non-regenerating
A: damage resistance, heal wounds, sense surroundings 1, no regeneration
a: Heal Wounds


You were on level 4 of the Dungeon.
You visited 1 branch of the dungeon, and saw 4 of its levels.

You collected 160 gold pieces.

Inventory:

Hand Weapons
 a - a +4 vampiric hand axe (weapon)
 b - a +3 dagger
Missiles
 f - 15 poisoned darts (quivered)
 t - 4 boomerangs
Armour
 d - a +0 helmet (worn)
 l - a +0 buckler (worn)
 m - a +3 leather armour of willpower (worn)
Jewellery
 n - a ring of magical power (left hand)
Wands
 s - a wand of flame (20)
Scrolls
 h - 3 scrolls of teleportation
 i - 3 scrolls of identify
 k - 3 scrolls of immolation
 o - a scroll of fear {unknown}
 r - 2 scrolls of fog
Potions
 c - 2 potions of attraction
 e - 2 potions of lignification {unknown}
 g - a potion of berserk rage {unknown}
 j - a potion of curing {unknown}
 p - a potion of haste {unknown}
 q - a potion of invisibility {unknown}


   Skills:
 + Level 2.2 Axes
 - Level 2.1 Dodging
 - Level 2.4 Stealth
 * Level 3.6 Shields
 - Level 3.0 Spellcasting
 + Level 5.6 Necromancy


You had 7 spell levels left.
You knew the following spells:

 Your Spells              Type           Power        Failure   Level
a - Pain                  Necr           84%          2%          1
b - Vampiric Draining     Necr           10%          7%          3

Your spell library contained the following spells:

 Spells                   Type           Power        Failure   Level
 Animate Skeleton         Necr           42%          2%          1
 Corona                   Hex            2%           24%         1
 Animate Dead             Necr           10%          24%         4
 Ensorcelled Hibernation  Hex/Ice        4%           34%         2
 Agony                    Necr           21%          54%         5
 Confusing Touch          Hex            2%           56%         3
 Dazzling Flash           Conj/Hex       4%           56%         3
 Tukima's Dance           Hex            2%           56%         3


Dungeon Overview and Level Annotations

Branches:
Dungeon (4/15)
 Temple: D:4-7

Altars:
Cheibriados
Fedhas
Hepliaklqana

Annotations:
D:4 3 runed translucent doors, lasso's ghost, amateur DDFi


Innate Abilities, Weirdness & Mutations

You are resistant to damage.
You can heal yourself by infusing magical energy.
You passively map a small area around you.
You do not regenerate.


Message History

The orc throws a boomerang.
The boomerang barely misses you.
The weapon returns to the orc!
The centaur shoots an arrow.
The arrow hits you.
* * * LOW HITPOINT WARNING * * *
The centaur unwields a +0 shortbow.
The centaur hits the bush but does no damage.
The orc throws a boomerang.
The boomerang misses you.
The weapon returns to the orc!
Lasso's ghost wails.
The centaur wields a +0 shortbow.
The centaur shoots an arrow.
You block the arrow.
The orc throws a boomerang.
You block the boomerang.
The weapon returns to the orc!
You see here an arrow.
The centaur shoots an arrow.
The arrow hits you.
* * * LOW HITPOINT WARNING * * *
The centaur shoots an arrow.
The arrow hits you!
* * * LOW HITPOINT WARNING * * *
Found 15 stones.
You see here an arrow.
The centaur shoots an arrow.
The arrow hits you!
You die...

#### ..# #.... P ..#
#..#.PP_PP.# ,
+....PcPPP.# *
#....PPPP..# * , *
#...o.(.(..# *, ,
...###..#...# ,
(####.()..#### , , ,
......(.(@....## *, ,
, ....#########..# , ,
* *##..#.ZSoW..#..# ,
< #.#..$[...#..# ...
.#.#.#...#.#.###.....
, ..#..#.#..#.........
,
,##.#.#...#.#.###.....
* , #.#...(...#.#
*..... ,
#†#.......#.###.....


You could see a centaur, lasso's ghost, an adder, 2 orcs and an adder skeleton.

Vanquished Creatures
  Sigmund (D:3)
  An iguana (D:4)
  A hound skeleton (D:4)
  An adder (D:3)
  A worm (D:2)
  4 dart slugs
  A leopard gecko (D:3)
  5 orcs
  2 giant cockroaches
  9 goblins
  7 hobgoblins
  2 jackals (D:3)
  9 kobolds
  2 ball pythons
  6 bats
  5 frilled lizards
  8 rats
65 creatures vanquished.

Notes
Turn   | Place    | Note
-------+----------+-------------------------------------------
     0 | D:1      | Destapler the Deep Dwarf Necromancer began the quest for
                  | the Orb.
     0 | D:1      | Reached XP level 1. HP: 15/15 MP: 3/3
   272 | D:1      | Reached XP level 2. HP: 19/22 MP: 0/5
  1204 | D:2      | Reached XP level 3. HP: 21/28 MP: 3/6
  1208 | D:2      | Learned a level 3 spell: Vampiric Draining
  1294 | D:2      | Reached skill level 1 in Shields
  1530 | D:2      | Reached skill level 5 in Necromancy
  2143 | D:3      | Found a hazy altar of Hepliaklqana.
  2243 | D:3      | Found a snail-covered altar of Cheibriados.
  2375 | D:3      | Reached XP level 4. HP: 36/36 MP: 7/7
  2492 | D:3      | Noticed Sigmund
  2504 | D:3      | Killed Sigmund
  2505 | D:3      | Reached skill level 1 in Axes
  2505 | D:3      | Reached XP level 5. HP: 41/42 MP: 9/9
  2653 | D:4      | Found a runed translucent gate.
  2656 | D:4      | Noticed lasso's ghost (amateur DDFi)
  2661 | D:4      | Found a runed translucent gate.
  2661 | D:4      | Found a runed translucent gate.
  2676 | D:4      | Reached XP level 6. HP: 31/49 MP: 10/10
  2738 | D:4      | Found a blossoming altar of Fedhas.
  2750 | D:4      | HP: 2/49 [centaur/arrow (5)]
  2751 | D:4      | Shot with an arrow by a centaur

Illustrated notes

Levels and vault maps discovered:
D:1:      elethiomel_arrival_maze, layout_loops_ring
D:2:      layout_rooms
D:3:      layout_rooms, lemuel_coloured_pillars_altar, lemuel_crystal_altar,
          kennysheep_generic_room_11, uniq_sigmund
D:4:      layout_basic, marbit_many_paths, fedhas_bush_and_centaur_altar,
          minmay_temple_entry_glass, gammafunk_ghost_split

Skill      XL: |  1  2  3  4  5 |
---------------+----------------+-----
Spellcasting   | 2 3 |  3.0
Shields        | 1 3 |  3.6
Necromancy     | 5 |  5.6
Axes           | 1 2 |  2.2
Dodging        | |  2.1
Stealth        | |  2.4

Action                   |  1- 3 |  4- 6 || total
-------------------------+-------+-------++-------
Melee: Unarmed           |     7 |       ||     7
       Club              |    18 |       ||    18
       Dagger            |     5 |       ||     5
       Hand axe          |    50 |    29 ||    79
Throw: Dart              |     8 |       ||     8
 Cast: Pain              |    54 |    13 ||    67
       Vampiric Draining |     2 |     2 ||     4
  Use: Scroll            |    13 |       ||    13
 Stab: Sleeping          |     5 |       ||     5
Armor: Robe              |     5 |       ||     5
       Leather armour    |    23 |    11 ||    34
Dodge: Dodged            |    54 |    19 ||    73
Block: Buckler           |    11 |     8 ||    19
